 Dungeon Crawl Stone Soup version 0.31-a0-1098-g6898e6545c (webtiles) character file.

Game seed: 12511425759729429904

6 kae the Vexing (level 1, -1/13 HPs)
             Began as a Demonspawn Enchanter on Nov 30, 2023.
             Frozen to death by an endoplasm (5 damage)
             ... on level 1 of the Dungeon.
             The game lasted 00:00:09 (122 turns).

kae the Vexing (Demonspawn Enchanter)                Turns: 122, Time: 00:00:10

Health: -1/13      AC:  2    Str:  8    XL:     1   Next: 75%
Magic:  3/3        EV: 12    Int: 15    God:
Gold:   13         SH:  0    Dex: 13    Spells: 4/4 levels left

rFire   . . .        a - +1 dagger
rCold   . . .        (no shield)
rNeg    . . .        b - +0 robe
rPois   .            (no helmet)
rElec   .            (no cloak)
rCorr   .            (no gloves)
SInv    .            (no boots)
Will    .....        (no amulet)
Stlth   ++           (no ring)
HPRegen 0.22/turn    (no ring)
MPRegen 0.08/turn

%: no passive effects
@: no status effects
A: no striking features
a: no special abilities


You were on level 1 of the Dungeon.
You visited 1 branch of the dungeon, and saw 1 of its levels.

You collected 13 gold pieces.


   Skills:
 + Level 0.1 Fighting
 * Level 1.1 Short Blades
 - Level 1.7 Dodging
 * Level 2.8 Stealth
 + Level 2.0 Spellcasting
 * Level 3.1 Hexes


You had 4 spell levels left.
You didn't know any spells.
Your spell library contained the following spells:

 Spells                   Type           Power      Damage    Failure   Level
 Ensorcelled Hibernation  Hex/Ice        12%        N/A       19%         2
 Confusing Touch          Hex            10%        N/A       19%         3
 Tukima's Dance           Hex            10%        N/A       19%         3
 Wereblood                Tmut           1%         N/A       32%         2
 Dazzling Flash           Conj/Hex       12%        N/A       34%         3
 Irradiate                Conj/Tmut      0%         3d11      99%         5

Inventory:

Hand Weapons
 a - a +1 dagger (weapon)
Missiles
 f - 5 stones
Armour
 b - a +0 robe (worn)
Potions
 c - 2 potions of invisibility
 d - a potion of attraction {unknown}
 e - a potion of heal wounds {unknown}

Dungeon Overview and Level Annotations

Branches:
Dungeon (1/15) Zot: 5877

Altars:

......##..#.#
#.........#. #..........
#.......#.###
............ ..........#
#....r...####
##....J@.....#####
.......#.###......
##................
#...#.#.#.#......
###................######
#....##.###.##......>....
#.##..........#####......
#.......###.### #......
#.##......#!# #......


You could see an endoplasm and a rat.


Message History

You open the door.
There is an open door here.
A hobgoblin comes into view.
The hobgoblin shouts!
A hobgoblin is nearby!
The hobgoblin closely misses you.
You hit the hobgoblin. You punch the hobgoblin. You hit the hobgoblin.
You kill the hobgoblin!
Key pressed, stopping explore.
No target in view!
No target in view!
No target in view!
No target in view!
A rat comes into view.
The rat moves out of view.
You pick up a book of Changes and begin reading...
You add the spells Wereblood and Irradiate to your library.
A quokka and an endoplasm come into view.
Found a stone staircase leading down.
There are monsters nearby!
You hit the rat.
You kill the rat!
Your Short Blades skill increases to level 1!
There are monsters nearby!
The endoplasm quivers.
The quokka barely misses you.
There are monsters nearby!
You hit the quokka.
You kill the quokka!
The endoplasm closely misses you.
You see here a quokka corpse.
You hit the endoplasm. The endoplasm misses you.
You hit the endoplasm. The endoplasm freezes you.
You are frozen.
An endoplasm is nearby!
You hit the endoplasm. The endoplasm hits you.
You are too injured to fight recklessly!
You are too injured to fight recklessly!
You are too injured to fight recklessly! 😮 HP[-4]
You take 4 damage, and now have 9/13 hp.
MASSIVE DAMAGE!! (PAUSE)
You are too injured to fight recklessly!
You are too injured to fight recklessly!
You are too injured to fight recklessly!
You are too injured to fight recklessly!
You are too injured to fight recklessly!
You are too injured to fight recklessly!
Unknown command.
You hit the endoplasm but do no damage. The endoplasm closely misses you.
You hit the endoplasm.
You kill the endoplasm! 😕 HP[+1]
You start resting. 😕 HP[+1]
You now have 13 gold pieces.
d - a fuming grey potion 😎 HP[+2]
Your hp is fully restored (13).
No target in view!
No target in view!
e - a fizzy yellow potion No target in view!
No target in view!
f - 5 stones A ball python comes into view.
A ball python is nearby!
An endoplasm comes into view.
There are monsters nearby!
The ball python misses you. x2
You hit the ball python.
You kill the ball python!
An endoplasm is nearby!
A rat comes into view.
The endoplasm quivers.
There are monsters nearby!
You hit the endoplasm but do no damage. The endoplasm freezes you.
You are frozen. 😕 HP[-1]
You take 1 damage, and now have 12/13 hp.
There are monsters nearby!
You hit the rat. The endoplasm freezes you.
You are frozen.
The rat bites you.
* * * LOW HITPOINT WARNING * * *
You are too injured to fight recklessly!
There are monsters nearby!
You are too injured to fight recklessly!
You are too injured to fight recklessly! 😨 HP[-8]
You take 8 damage, and now have 4/13 hp.
MASSIVE DAMAGE!! (PAUSE)
You barely miss the rat. The rat closely misses you. The endoplasm misses you.
You hit the rat but do no damage. The rat bites you but does no damage.
The endoplasm freezes you.
You are frozen.
You die...

Skill      XL: |  1 |
---------------+----+-----
Short Blades   | 1 |  1.1
Fighting       | |  0.1
Dodging        | |  1.7
Stealth        | |  2.8
Spellcasting   | |  2.0
Hexes          | |  3.1

Action                     || total
---------------------------++-------
  Melee: Dagger            ||    14
         Punch             ||     1
 Armour: Robe              ||     3
  Dodge: Dodged            ||     9

Levels and vault maps discovered:
D:1:      spicycebolla_arrival_ecumenical, layout_basic

Notes
Turn   | Place    | Note
-------+----------+-------------------------------------------
     0 | D:1      | kae the Demonspawn Enchanter began the quest for the Orb.
     0 | D:1      | Reached XP level 1. HP: 13/13 MP: 3/3
     0 | D:1      | magus.rc [v1.11.3]
    36 | D:1      | You pick up a book of Changes and begin reading...
    36 | D:1      | You add the spells Wereblood and Irradiate to your library.
    41 | D:1      | Reached skill level 1 in Short Blades
   122 | D:1      | Frozen to death by an endoplasm

Vanquished Creatures
  A ball python (D:1)
  An endoplasm (D:1)
  A hobgoblin (D:1)
  A quokka (D:1)
  A rat (D:1)
5 creatures vanquished.

Table legend:
 A = Non-vault XP
 B = Vault XP
 C = Vault XP percentage of total XP
 D = Non-vault monster count
 E = Vault monster count
 F = Vault count percentage of total count
                 A         B        C        D         E       F
            +---------+---------+-------+---------+---------+-------
      Total |       9 |       0 |   0.0 |       5 |       0 |   0.0
            +---------+---------+-------+---------+---------+-------
        D:1 |       9 |       0 |   0.0 |       5 |       0 |   0.0
            +---------+---------+-------+---------+---------+-------

Skill      XL: |  1 |
---------------+----+-----
Short Blades   | 1 |  1.1
Fighting       | |  0.1
Dodging        | |  1.7
Stealth        | |  2.8
Spellcasting   | |  2.0
Hexes          | |  3.1

Action                     || total
---------------------------++-------
  Melee: Dagger            ||    14
         Punch             ||     1
 Armour: Robe              ||     3
  Dodge: Dodged            ||     9

Illustrated notes

Table legend:
 A = Kills in this place as a percentage of kills in the entire game.
 B = Kills by you in this place as a percentage of kills by you in the entire game.
 C = Kills by friends in this place as a percentage of kills by friends in the entire game.
 D = Other kills in this place as a percentage of other kills in the entire game.
 E = Experience gained in this place as a percentage of experience gained in the entire game.
 F = Experience gained in this place divided by the number of levels of this place that you have seen.
                   A       B       C       D       E      F
               +-------+-------+-------+-------+-------+----------------------
         Total | 100.0 | 100.0 |   N/A |   N/A | 100.0 |   9.0
       Dungeon | 100.0 | 100.0 |   N/A |   N/A | 100.0 |   9.0
               +-------+-------+-------+-------+-------+----------------------

Table legend: (Time is in decaauts)
 A = Elapsed time spent in this place.
 B = Non-inter-level travel time spent in this place.
 C = Inter-level travel time spent in this place.
 D = Time resting spent in this place.
 E = Time spent auto-exploring this place.
 F = Levels seen in this place.
 G = Mean time per level.
                   A        B        C        D        E       F      G
               +--------+--------+--------+--------+--------+-----+--------+
         Total |    121 |    121 |      0 |      4 |     81 |   1 |  121.0 |
       Dungeon |    121 |    121 |      0 |      4 |     81 |   1 |  121.0 |
               +--------+--------+--------+--------+--------+-----+--------+

Top non-repeatable levels by time:
     D:1: 121 daAuts
